 Dungeon Crawl Stone Soup version 0.29-a0-9-g022ca4c890 (webtiles) character file.

Game seed: 3307966696873754461

42765 siradein the Frost Mage (level 13, -13/105 HPs)
             Began as a White Draconian Conjurer on Jan 28, 2022.
             Was an Elder of Sif Muna.
             Mangled by a death yak (17 damage)
             ... on level 5 of the Lair of Beasts.
             The game lasted 03:20:39 (30505 turns).

siradein the Frost Mage (White Draconian Conjurer) Turns: 30505, Time: 03:20:39

Health: -13/105    AC: 12    Str: 10    XL:     13   Next: 87%
Magic:  7/27       EV: 15    Int: 22    God:    Sif Muna [****..]
Gold:   661        SH:  0    Dex: 11    Spells: 1/32 levels left

rFire   x . .      SeeInvis .   p - staff of conjuration
rCold   + + .      Faith    +   (no shield)
rNeg    . . .      Spirit   .   (armour unavailable)
rPois   +          Reflect  .   (helmet restricted)
rElec   .          Harm     .   y - +2 cloak {rCorr}
rCorr   +          Rampage  .   (no gloves)
Will    .....                   w - +0 pair of boots
Stlth   ++........              B - amulet of faith
HPRegen 0.27/turn               O - ring of ice
MPRegen 0.20/turn               s - ring of poison resistance

@: no status effects
A: breathe frost, AC +8, unfitting armour, cold resistance 1, cold-blooded
a: Breathe Frost, Renounce Religion, Channel Magic, Forget Spell, Divine
Exegesis


You were on level 5 of the Lair of Beasts.
You worshipped Sif Muna.
Sif Muna was greatly pleased with you.
You visited 3 branches of the dungeon, and saw 17 of its levels.

You collected 1027 gold pieces.
You spent 366 gold pieces at shops.

Inventory:

Missiles
 G - 4 poisoned darts
 L - 2 throwing nets
Armour
 w - a +0 pair of boots (worn)
 y - a +2 cloak of preservation (worn)
Magical Staves
 k - a staff of death
 p - a staff of conjuration (weapon)
 S - a staff of cold
Jewellery
 r - a ring of flight
 s - a ring of poison resistance (right hand)
 B - an amulet of faith (around neck)
 D - an amulet of reflection
 O - a ring of ice (left hand)
 P - a ring of magical power
Wands
 b - a wand of paralysis (12)
 c - a wand of iceblast (18)
 g - a wand of charming (7)
 q - a wand of polymorph (13)
 t - a wand of flame (22)
 u - a wand of digging (10)
Scrolls
 a - 3 scrolls of amnesia
 d - a scroll of blinking
 f - a scroll of enchant armour
 h - a scroll of immolation
 l - 6 scrolls of fog
 m - 2 scrolls of vulnerability
 n - a scroll of summoning {unknown}
 z - 4 scrolls of teleportation {unknown}
 C - 3 scrolls of enchant weapon {unknown}
 E - a scroll of acquirement {unknown}
 F - a scroll of silence {unknown}
 H - 2 scrolls of holy word
 K - 4 scrolls of magic mapping
 N - 3 scrolls of fear
Potions
 e - 9 potions of curing
 i - 4 potions of flight
 j - 3 potions of lignification
 o - a potion of invisibility
 v - 3 potions of heal wounds
 x - a potion of mutation {unknown}
 A - 2 potions of brilliance {unknown}
 J - a potion of haste {unknown}
 M - 2 potions of magic {unknown}
 Q - a potion of resistance {unknown}
 R - a potion of cancellation {unknown}
Miscellaneous
 I - a phantom mirror


   Skills:
 + Level 7.5 Fighting
 + Level 10.2 Dodging
 - Level 1.7 Stealth
 + Level 10.3 Spellcasting
 + Level 11.6 Conjurations
 + Level 3.2 Necromancy
 + Level 11.8 Ice Magic
 + Level 7.5 Invocations
 + Level 6.8 Evocations


You had one spell level left.
You knew the following spells:

 Your Spells              Type           Power      Damage    Failure   Level
a - Magic Dart            Conj           100%       1d8       1%          1
b - Searing Ray           Conj           100%       2d8       1%          2
c - Fulminant Prism       Conj/Hex       26%        3d14      5%          4
d - Frozen Ramparts       Ice            100%       1d12      1%          3
e - Iskenderun's Mystic   Conj/Tloc      53%        2d11      5%          4
f - Ice Form              Ice/Tmut       54%        N/A       5%          4
g - Summon Ice Beast      Ice/Summ       54%        N/A       5%          4
h - Ozocubu's Armour      Ice            76%        N/A       1%          3
i - Simulacrum            Ice/Necr       30%        N/A       38%         6

Your spell library contained the following spells:

 Spells                   Type           Power      Damage    Failure   Level
 Animate Skeleton         Necr           50%        N/A       1%          1
 Shock                    Conj/Air       100%       1d9       1%          1
 Sting                    Tmut/Pois      44%        1d5       6%          1
 Summon Small Mammal      Summ           44%        N/A       6%          1
 Dazzling Flash           Conj/Hex       100%       N/A       1%          3
 Metabolic Englaciation   Hex/Ice        27%        N/A       14%         5
 Lightning Bolt           Conj/Air       26%        1d42      16%         5
 Call Canine Familiar     Summ           11%        N/A       19%         3
 Ignite Poison            Fire/Tmut/Pois 11%        N/A       19%         3
 Summon Guardian Golem    Hex/Summ       11%        N/A       19%         3
 Iron Shot                Conj/Erth      26%        9d6       63%         6
 Blade Hands              Tmut           5%         N/A       86%         5
 Lee's Rapid Deconstruct  Erth           5%         3d7*      86%         5
 Summon Forest            Summ/Tloc      5%         N/A       86%         5
 Haunt                    Necr/Summ      9%         N/A       100%        7
 Monstrous Menagerie      Summ           5%         N/A       100%        7
 Storm Form               Tmut/Air       5%         N/A       100%        7
 Infestation              Necr           12%        N/A       100%        8
 Summon Horrible Things   Summ           5%         N/A       100%        8
 Animate Armour           Summ/Erth      Unusable   N/A       N/A         4

Dungeon Overview and Level Annotations

Branches:
Dungeon (11/15)            Temple (1/1) D:4            Lair (5/6) D:11
  Swamp (0/4) Lair:4        Snake (0/4) Lair:3          Orc (0/2) D:10
  Slime: Lair:5-6

Altars:
Ashenzari
Cheibriados
Dithmenos
Elyvilon
Fedhas
Gozag
Hepliaklqana
Kikubaaqudgha
Makhleb
Nemelex Xobeh
Okawaru
Qazlal
Ru
Sif Muna
Trog
Uskayaw
Vehumet
Wu Jian
Xom
Yredelemnul
Zin
The Shining One

Shops:
D:7 **   D:8 *

Annotations:
Lair:4 exclusion: 4 oklob plants


Innate Abilities, Weirdness & Mutations

You can breathe waves of freezing cold which knock back foes.
Your icy white scales are hard. (AC +8)
You cannot fit into any form of body armour.
Your flesh is cold resistant. (rC+)
You are cold-blooded and may be slowed by cold attacks.


Message History

The death yak is lightly wounded.
The wall freezes the death yak! x2; The wall freezes the death yak.
Unknown command.
Casting: Ozocubu's Armour (safe; 1% risk of failure)
Confirm with . or Enter, or press ? or * to list all spells.
You feel a surge of power!
You erupt in a blast of force!
The mystic blast hits the death yak.
The death yak is lightly wounded.
The death yak is knocked back by the mystic blast.
The mystic blast hits the death yak!
The death yak is heavily wounded.
The mystic blast hits the death yak.
The death yak is moderately wounded.
The death yak is knocked back by the mystic blast.
The wall freezes the death yak.
The death yak gores you!
Your icy armour and frozen ramparts will break if you move.
Continue?
Your icy armour cracks and falls away as you move.
The frozen ramparts melt away as you move.
The death yak gores you! The death yak gores you! The death yak gores you!!
* * * LOW HITPOINT WARNING * * *
Casting: Iskenderun's Mystic Blast (dangerous; 5% risk of failure)
Confirm with . or Enter, or press ? or * to list all spells.
You feel a surge of power!
You erupt in a blast of force!
The mystic blast hits the death yak but does no damage.
The mystic blast hits the death yak!
The death yak is moderately wounded.
The death yak is knocked back by the mystic blast.
The mystic blast hits the plant!
The plant begins to die.
The plant is lightly damaged.
The mystic blast hits the death yak but does no damage.
The death yak is moderately wounded.
The mystic blast hits the death yak!
The death yak is lightly wounded.
The death yak is knocked back by the mystic blast.
The death yak gores you!!
* * * LOW HITPOINT WARNING * * *
The death yak gores you!
You die...

# ### # #### ### P.## ### ####..#
#.## ##..######..
#....#####..#####P..##..#...
####P......#.....#.....##......
#.#...(.......P....#...........
##.............@...........P....
#....P.......YY.................
##....##.....Y...................
#............Y.P.................
#P...............................
#............................##..
###..............................
###.........................#...
#..#.......................##..[


You could see 4 death yaks.

Vanquished Creatures
  Josephine (D:10)
  Erolcha (D:11)
  2 boulder beetles
  3 hydras
  A two-headed ogre (D:9)
  6 death yaks
  A skeletal warrior (D:10)
  Pikel (Temple)
  A cyclops (D:11)
  2 oklob plants (Lair:4)
  A manticore (D:11)
  4 elephants
  Joseph (D:7)
  Maggie (D:7)
  2 black mambas
  6 centaur skeletons (D:10)
  6 cane toads
  Psyche (D:11)
  2 rime drakes
  A komodo dragon (Lair:4)
  3 polar bears
  2 trolls
  Grinder (D:4)
  18 blink frogs
  4 flying skulls
  A vampire (D:9)
  7 shadows
  5 wraiths
  4 wyverns
  20 yaks
  3 basilisks
  A steam dragon (D:8)
  3 nagas (Lair:3)
  2 acid dragons
  11 water moccasins
  A nameless horror (D:10)
  2 ice beasts
  4 orc warriors
  A hornet zombie (D:6)
  2 sky beasts (D:6)
  4 black bears
  An ogre (D:6)
  20 wolves
  A phantom (D:6)
  7 centaurs
  13 bullfrogs
  A gnoll sergeant (D:9)
  A wyvern skeleton (D:7)
  A water moccasin skeleton (D:6)
  4 killer bees
  7 wights
  2 howler monkeys
  2 electric eels (Lair:4)
  10 centaur zombies
  3 orc priests (D:5)
  A bullfrog skeleton (D:5)
  A gnoll shaman (D:8)
  6 iguanas
  5 orc wizards
  12 hell rats
  A killer bee zombie (D:9)
  A hound skeleton (D:4)
  2 howler monkey zombies
  13 gnolls
  6 adders
  A howler monkey skeleton (D:10)
  4 worms
  2 dart slugs (D:1)
  35 orcs
  9 endoplasms
  2 giant cockroaches (D:3)
  6 goblins
  4 hobgoblins
  15 jackals
  4 quokkas
  9 ball pythons
  8 bats
  2 frilled lizards
  2 kobolds
  4 rats
371 creatures vanquished.

Vanquished Creatures (collateral kills)
  Snorg (D:11)
  A hydra (Lair:5)
  2 elephants (Lair:5)
  A cane toad (Lair:4)
  3 komodo dragons
  2 blink frogs (Lair:4)
  2 yaks (Lair:5)
  3 basilisks
  A water moccasin (Lair:3)
  An orc warrior (D:7)
  A wolf (Lair:4)
  2 bullfrogs (Lair:3)
  2 hell rats
  2 orc wizards (D:7)
  3 orcs
27 creatures vanquished.

Vanquished Creatures (others)
  27 fulminant prisms
  45 fungi
  46 plants
118 creatures vanquished.

Grand Total: 516 creatures vanquished

Notes
Turn   | Place    | Note
-------+----------+-------------------------------------------
     0 | D:1      | siradein the Draconian Conjurer began the quest for the
                  | Orb.
     0 | D:1      | Reached XP level 1. HP: 14/14 MP: 3/3
   494 | D:1      | Reached XP level 2. HP: 17/20 MP: 5/5
   544 | D:1      | Learned a level 2 spell: Searing Ray
   979 | D:1      | Found a faded altar of an unknown god.
  1078 | D:1      | Reached XP level 3. HP: 26/26 MP: 3/6
  2023 | D:2      | Reached XP level 4. HP: 33/33 MP: 2/8
  2096 | D:2      | Learned a level 4 spell: Fulminant Prism
  2361 | D:2      | You fall into a shaft and drop 1 floor!
  3649 | D:4      | Noticed Pikel
  3649 | D:4      | Noticed a lemure
  3649 | D:4      | Noticed a lemure
  3649 | D:4      | Noticed a lemure
  3649 | D:4      | Noticed a lemure
  3679 | D:4      | Noticed an ice beast
  3755 | D:3      | Killed an ice beast
  3756 | D:3      | Reached skill level 5 in Conjurations
  3756 | D:3      | Reached XP level 5. HP: 11/38 MP: 1/10
  4050 | D:4      | Noticed Grinder
  4066 | D:4      | Killed Grinder
  4067 | D:4      | Reached XP level 6. HP: 36/45 MP: 4/12
  4201 | D:4      | Found a staircase to the Ecumenical Temple.
  4232 | Temple   | Entered the Ecumenical Temple
  4631 | Temple   | Became a worshipper of Sif Muna the Loreminder
  5006 | D:4      | Your scales start taking on an icy white colour.
  5006 | D:4      | Reached XP level 7. HP: 42/50 MP: 3/13
  5006 | D:4      | Gained mutation: Your flesh is cold resistant. (rC+) [White
                  | Draconian growth]
  5010 | D:4      | Learned a level 3 spell: Frozen Ramparts
  5287 | Temple   | Killed Pikel
  5288 | Temple   | Reached skill level 5 in Dodging
  5288 | Temple   | Reached skill level 5 in Spellcasting
  5288 | Temple   | Reached XP level 8. HP: 57/57 MP: 11/15
  5319 | Temple   | Learned a level 4 spell: Iskenderun's Mystic Blast
  5775 | D:4      | Found a staircase to the Ecumenical Temple.
  6072 | D:5      | Entered Level 5 of the Dungeon
  6910 | D:5      | Got the Reference Book on Poisonous Dark Secrets
  7113 | D:5      | Found an opulent altar of Gozag.
  8106 | D:6      | Reached * piety under Sif Muna
  8107 | D:6      | Reached skill level 5 in Ice Magic
  8337 | D:6      | Reached XP level 9. HP: 52/62 MP: 11/18
  8848 | D:6      | Learned a level 4 spell: Ice Form
  9651 | D:7      | Noticed Maggie
  9927 | D:7      | Killed Maggie
 10288 | D:7      | Found Romerit's Elemental Accessories.
 10442 | D:7      | Noticed Joseph
 10515 | D:7      | Killed Joseph
 10516 | D:7      | Reached XP level 10. HP: 65/69 MP: 9/20
 10522 | D:7      | Learned a level 4 spell: Summon Ice Beast
 10605 | D:7      | Found Appauvva's Hallowed Reliquary.
 10605 | D:7      | Noticed an angel
 10617 | D:7      | Bought a potion of heal wounds for 55 gold pieces
 11172 | D:8      | Found Voyvorghi's General Store.
 11180 | D:8      | Bought a scroll of identify for 32 gold pieces
 11480 | D:8      | Reached ** piety under Sif Muna
 12874 | D:9      | Paralysed by a gnoll for 7 turns
 13810 | D:10     | Entered Level 10 of the Dungeon
 14017 | D:10     | Reached skill level 1 in Fighting
 14102 | D:10     | Found a staircase to the Orcish Mines.
 14189 | D:10     | Noticed a boulder beetle
 14615 | D:10     | Reached skill level 1 in Invocations
 14615 | D:10     | Reached skill level 1 in Evocations
 14830 | D:10     | Noticed Josephine
 15061 | D:9      | Reached XP level 11. HP: 76/79 MP: 19/23
 15314 | D:9      | Noticed a two-headed ogre
 15320 | D:9      | Killed a two-headed ogre
 15464 | D:10     | Reached *** piety under Sif Muna
 16821 | D:11     | Reached skill level 10 in Conjurations
 17500 | D:11     | Found a staircase to the Lair.
 17500 | D:11     | Noticed a death yak
 17571 | D:11     | Killed a death yak
 17880 | D:11     | Noticed Erolcha
 18058 | D:10     | Noticed a skeletal warrior
 18167 | D:7      | Bought a scroll of holy word for 82 gold pieces
 18167 | D:7      | Bought a potion of curing for 33 gold pieces
 18167 | D:7      | Bought a scroll of holy word for 82 gold pieces
 18167 | D:7      | Bought a scroll of holy word for 82 gold pieces
 18229 | D:10     | Killed a skeletal warrior
 18248 | D:10     | Killed Josephine
 18457 | D:10     | Killed a boulder beetle
 18458 | D:10     | Reached XP level 12. HP: 84/92 MP: 10/25
 18467 | D:10     | Reached skill level 10 in Ice Magic
 19374 | D:11     | Noticed Snorg
 19419 | D:11     | Killed Erolcha
 19440 | D:11     | Found an ornate altar of the Wu Jian Council.
 19481 | Lair:1   | Entered Level 1 of the Lair of Beasts
 19511 | Lair:1   | Reached skill level 5 in Fighting
 19850 | Lair:1   | Reached skill level 5 in Invocations
 20513 | Lair:2   | Reached **** piety under Sif Muna
 20907 | Lair:2   | Reached skill level 5 in Evocations
 21304 | Lair:2   | Noticed a death yak
 21306 | Lair:2   | Noticed a death yak
 21308 | Lair:2   | Noticed a death yak
 21308 | Lair:2   | Noticed a death yak
 21317 | Lair:2   | Killed a death yak
 22330 | Lair:2   | Killed a death yak
 22730 | Lair:2   | Killed a death yak
 22947 | Lair:2   | Killed a death yak
 23493 | Lair:3   | Reached XP level 13. HP: 89/102 MP: 12/26
 23562 | Lair:3   | Found a white marble altar of Elyvilon.
 23593 | Lair:3   | Found a staircase to the Snake Pit.
 24050 | Lair:3   | Learned a level 3 spell: Ozocubu's Armour
 24057 | Lair:3   | Learned a level 6 spell: Simulacrum
 24663 | D:11     | Killed Snorg
 24821 | D:11     | Noticed Psyche
 24829 | D:11     | Killed Psyche
 25144 | Lair:4   | Reached skill level 1 in Necromancy
 25349 | Lair:4   | Reached ***** piety under Sif Muna
 25802 | Lair:4   | Received a gift from Sif Muna
 25872 | Lair:4   | Got Sif Muna's Reference Book on Feathers and Summoning
                  | {god gift}
 26172 | Lair:4   | Found a staircase to the Swamp.
 26263 | Lair:4   | Reached skill level 10 in Spellcasting
 26871 | Lair:5   | Reached skill level 10 in Dodging
 30504 | Lair:5   | HP: 4/105 [death yak (18)]
 30505 | Lair:5   | Mangled by a death yak

Illustrated notes

Levels and vault maps discovered:
D:1:      psy_arrival_conway, layout_basic, ebering_ecumenical_altar_mist
D:2:      layout_basic
D:3:      layout_basic
D:4:      layout_rooms, minmay_temple_entry_butterflies, minmay_pentomino_pile,
          uniq_grinder, uniq_pikel
D:5:      layout_loops_ring, general_overflow_altar, minmay_stone_trees_small,
          minmay_misc_feat_five, hex_tiny, ebering_dispersal_statue_hall,
          kennysheep_generic_room_10
D:6:      layout_loops_cross, minmay_circle_x
D:7:      layout_basic, amcnicky_mini_corridor_feature, nicolae_wand_duel,
          kennysheep_decorative_pillar, hangedman_abyss_or_decor_passed,
          nicolae_elemental_shop, nicolae_good_shop, uniq_maggie, uniq_joseph
D:8:      layout_basic, serial_shops, nicolae_lakefront_shop
D:9:      layout_irregular_city
D:10:     hangedman_screamer, layout_cross
D:11:     layout_roguey, david_lair_generic, nicolae_wu_jian_wuxing_cycle,
          uniq_snorg, uniq_psyche, uniq_erolcha
Temple:   mainiacjoe_temple_circle_huts
Lair:1:   layout_regular_city, infiniplex_staircase_pool
Lair:2:   layout_gridlike, grunt_megastairs_5
Lair:3:   layout_hall_layers, minmay_snake_entry_guardpost_small, basic_altar,
          chequers_serial_rivers_micro_c
Lair:4:   layout_regular_city, minmay_swamp_entry_eels, dpeg_oklob_1
Lair:5:   layout_cave_shapes, evilmike_ambush [evilmike_ambush_outer_basic,
          evilmike_ambush_inner_basic]

Skill      XL: |  1  2  3  4  5  6  7  8  9 10 11 12 13 |
---------------+----------------------------------------+-----
Dodging        | 2 3 4 5 6 7 8 9 10 | 10.2
Spellcasting   | 3 4 5 6 7 8 9 10 | 10.3
Conjurations   | 5 6 7 8 9 10 11 | 11.6
Ice Magic      | 2 5 7 8 9 11 | 11.8
Fighting       | 1 4 6 7 |  7.5
Invocations    | 1 4 6 7 |  7.5
Evocations     | 1 4 5 6 |  6.8
Necromancy     | 3 |  3.2
Stealth        | |  1.7

Action                   |  1- 3 |  4- 6 |  7- 9 | 10-12 | 13-15 || total
-------------------------+-------+-------+-------+-------+-------++-------
Melee: Unarmed           |    37 |       |       |       |       ||    37
       Tailslap          |     6 |       |       |     3 |     6 ||    15
       Club              |    10 |       |       |       |       ||    10
       Whip              |       |       |     1 |       |       ||     1
       Staff             |       |       |       |    12 |    30 ||    42
       Punch             |       |       |       |     1 |       ||     1
Throw: Dart              |       |       |       |     8 |     4 ||    12
 Cast: Magic Dart        |    83 |    79 |    87 |   195 |    67 ||   511
       Searing Ray       |     1 |    12 |    53 |   165 |    76 ||   307
       Frozen Ramparts   |       |       |    10 |    41 |    20 ||    71
       Summon Ice Beast  |       |       |       |    17 |    27 ||    44
       Ice Form          |       |       |       |     1 |       ||     1
       Fulminant Prism   |       |       |       |     3 |    25 ||    28
       Iskenderun's Myst |       |       |       |    31 |    15 ||    46
       Ozocubu's Armour  |       |       |       |       |    25 ||    25
 Abil: Breathe Frost     |       |       |    13 |    14 |     4 ||    31
Evoke: Wand              |       |       |     7 |       |       ||     7
       Phantom mirror    |       |       |       |       |     1 ||     1
  Use: Scroll            |       |     6 |     3 |     8 |     3 ||    20
Armor: Skin              |    28 |    15 |    38 |   181 |   104 ||   366
Dodge: Dodged            |    75 |    17 |   103 |   333 |   150 ||   678

Table legend: (Time is in decaauts)
 A = Elapsed time spent in this place.
 B = Non-inter-level travel time spent in this place.
 C = Inter-level travel time spent in this place.
 D = Time resting spent in this place.
 E = Time spent auto-exploring this place.
 F = Levels seen in this place.
 G = Mean time per level.
                   A        B        C        D        E       F      G
               +--------+--------+--------+--------+--------+-----+--------+
         Total |  30594 |  29942 |    652 |   5302 |  18496 |  17 | 1799.6 |
       Dungeon |  19360 |  18917 |    443 |   2784 |  12757 |  11 | 1760.0 |
        Temple |    573 |    573 |      0 |      0 |    309 |   1 |  573.0 |
          Lair |  10661 |  10453 |    208 |   2518 |   5430 |   5 | 2132.2 |
               +--------+--------+--------+--------+--------+-----+--------+

Top non-repeatable levels by time:
  Lair:4: 4309 daAuts
     D:9: 3610 daAuts
  Lair:2: 2192 daAuts
    D:11: 2157 daAuts
     D:6: 1935 daAuts
     D:1: 1854 daAuts
    D:10: 1631 daAuts
     D:8: 1623 daAuts
  Lair:1: 1577 daAuts
     D:4: 1487 daAuts
  Lair:3: 1484 daAuts
     D:7: 1457 daAuts
     D:5: 1432 daAuts
     D:3: 1324 daAuts
  Lair:5: 1097 daAuts
